 Dungeon Crawl Stone Soup version 0.25.1-2-g60ff931df9 (webtiles) character file.

Game seed: 10414453111045577376

2941 MajorAdolf the Covert (level 9, -5/85 HPs)
             Began as a Naga Wanderer on Oct 9, 2020.
             Was an Initiate of Gozag.
             Slain by a queen bee (9 damage)
             ... on level 8 of the Dungeon.
             The game lasted 00:23:02 (14452 turns).

MajorAdolf the Covert (Naga Wanderer)              Turns: 14452, Time: 00:23:04

Health: -5/85      AC:  7    Str: 18    XL:     9   Next: 80%
Magic:  21/21      EV: 11    Int: 10    God:    Gozag
Gold:   725        SH:  0    Dex: 13    Spells: 8/8 levels left

rFire    . . .     SeeInvis +   k - +1 hand axe
rCold    . . .     Gourm    .   (no shield)
rNeg     . . .     Faith    .   d - +0 robe
rPois    +         Spirit   .   u - +0 helmet
rElec    .         Reflect  .   w - +1 cloak
rCorr    .         Harm     .   (no gloves)
MR       +....                  (no barding)
Stlth    ++++......             p - amulet of magic regeneration
HPRegen  0.24/turn              e - ring of magical power
MPRegen  0.42/turn              (no ring)

@: about to teleport, lightly drained, very slow
A: large, see invisible, deformed body, poison resistance, slowness 2, slow
metabolism 1, spit poison 1, AC +3
a: Spit Poison, Potion Petition, Call Merchant, Bribe Branch, Renounce Religion


You were on level 8 of the Dungeon.
You worshipped Gozag.
Gozag was pleased with you.
You were not hungry.

You visited 1 branch of the dungeon, and saw 9 of its levels.
You also visited: Sewer.

You collected 914 gold pieces.
You spent 137 gold pieces at shops.
You paid 52 gold pieces to Gozag.

Inventory:

Hand Weapons
 a - a +2 dagger
 k - a +1 hand axe (weapon)
 n - a +0 war axe
 v - the +4 mace of the Globe {freeze, Str+3 Dex+4 Stlth+, unknown}
   (You found it on level 6 of the Dungeon)

   It has been specially enchanted to freeze those struck by it, causing extra
   injury to most foes and up to half again as much damage against particularly
   susceptible opponents.
   It can also slow down cold-blooded creatures.
   It affects your strength (+3).
   It affects your dexterity (+4).
   It makes you more stealthy.
Missiles
 b - a curare-tipped dart (quivered)
 l - 22 poisoned darts
Armour
 d - a +0 robe (worn)
 u - a +0 helmet (worn)
 w - a +1 cloak (worn)
Jewellery
 e - a ring of magical power (left hand)
 p - an amulet of magic regeneration (around neck)
Wands
 g - a wand of random effects (1)
 m - a wand of iceblast (4)
 x - a wand of digging (5)
Scrolls
 i - 2 scrolls of remove curse
 r - a scroll of magic mapping
 t - 4 scrolls of identify
 y - 2 scrolls of enchant weapon
Potions
 c - 4 potions of curing
 j - 3 potions of stabbing
 o - 2 potions of resistance {unknown}
 q - 3 potions of flight
 s - a potion of mutation {unknown}
 z - 2 potions of brilliance {unknown}
 A - 4 potions of might {unknown}
 B - a potion of magic {unknown}
Comestibles
 f - 2 rations


   Skills:
 + Level 6.8(6.4) Fighting
 + Level 6.9(6.5) Axes
 - Level 1.0(0.6) Throwing
 - Level 0.1(0.0) Armour
 + Level 4.3(3.9) Dodging
 + Level 9.5(9.1) Stealth
 - Level 1.0(0.6) Unarmed Combat
   Level 2.0(1.6) Conjurations
   Level 1.0(0.6) Necromancy
 + Level 5.1(4.7) Evocations


You had 8 spell levels left.
You didn't know any spells.
Your spell library was empty.

Dungeon Overview and Level Annotations

Branches:
Dungeon (9/15)             Temple (0/1) D:5           Sewer (visited)
   Lair: D:8-11         Orc: D:9-12

Altars:
Gozag
Qazlal

Shops:
D:5 ?

Annotations:
D:6 3 runed translucent doors, Farlane's ghost, novice DEAs; ZZKoverts's ghost, novice DDBe
D:7 exclusion: 2 ogres, Harold; Joseph
D:8 Grum; Pikel
D:9 exclusion: hungry ghost


Innate Abilities, Weirdness & Mutations

You cannot wear boots.
Your serpentine skin is tough. (AC +3)
You have supernaturally acute eyesight. (SInv)
Armour fits poorly on your strangely shaped body.
Your system is resistant to poisons. (rPois)
You cover ground very slowly.
You have a slow metabolism.
You can spit poison.


Message History

Unknown command.
Found a stone staircase leading down.
You hit the queen bee but do no damage. The queen bee closely misses you.
You hit the queen bee but do no damage. The queen bee stings you!
You completely miss the queen bee. The queen bee stings you!!
You barely miss the queen bee. The queen bee barely misses you.
You hit the queen bee but do no damage. The queen bee closely misses you.
Unknown command.
As you read the scroll of teleportation, it crumbles to dust.
You feel strangely unstable.
The bullfrog skeleton hits you but does no damage.
The queen bee stings you!
* * * LOW HITPOINT WARNING * * *
The bullfrog skeleton hits you.
* * * LOW HITPOINT WARNING * * *
The bullfrog skeleton hits you.
* * * LOW HITPOINT WARNING * * *
The queen bee stings you!
You die...
Your body crumbles into a pile of gold.

. .. ...
##### .
.....####
#.......#
#...#>#
#Zy# ##@#
#.# #.#
..# ...
..## .>
...


You could see a queen bee and a bullfrog skeleton.

Vanquished Creatures
  A two-headed ogre (D:6)
  Grinder (D:3)
  3 slaves (D:8)
  A phantom (D:7)
  An ice beast (D:6)
  A sky beast (D:6)
  An ogre (D:4)
  A wolf (D:7)
  A big kobold (D:5)
  4 bullfrogs
  2 scorpions
  4 killer bees (D:7)
  A howler monkey (D:6)
  3 crimson imps
  9 hounds
  2 orc priests (D:5)
  A centaur skeleton (D:6)
  An orc wizard (D:5)
  3 worker ants
  5 worker ant zombies
  Robin (D:2)
  16 adders
  2 shadow imps
  12 oozes
  An adder skeleton (D:8)
  An adder zombie (D:7)
  A worm (D:2)
  2 dart slugs
  14 leopard geckos
  11 orcs
  19 giant cockroaches
  16 goblins
  9 hobgoblins
  9 jackals (D:5)
  4 quokkas
  14 ball pythons
  11 bats
  17 frilled lizards
  11 kobolds
  A leopard gecko skeleton (D:7)
  A quokka skeleton (D:7)
  5 rats
  A plant (D:5)
225 creatures vanquished.

Vanquished Creatures (others)
  3 plants (D:5)
  6 withered plants (D:6)
9 creatures vanquished.

Grand Total: 234 creatures vanquished

Notes
Turn   | Place    | Note
-------+----------+-------------------------------------------
     0 | D:1      | MajorAdolf the Naga Wanderer began the quest for the Orb.
     0 | D:1      | MajorAdolf set off with the following items: a +2 dagger, a
                  | curare-tipped dart, 2 potions of curing, a +0 robe, a
                  | ration
     0 | D:1      | Reached XP level 1. HP: 22/22 MP: 1/1
    45 | D:1      | Reached skill level 2 in Stealth
   157 | D:1      | Reached skill level 3 in Stealth
   183 | D:1      | Reached XP level 2. HP: 30/30 MP: 2/2
   372 | D:1      | Reached skill level 4 in Stealth
   527 | D:1      | Reached XP level 3. HP: 30/36 MP: 3/3
  1013 | D:2      | Noticed Robin
  1277 | D:2      | Reached XP level 4. HP: 5/44 MP: 4/4
  2743 | D:2      | Killed Robin
  3243 | D:3      | Noticed Grinder
  3320 | D:3      | Reached XP level 5. HP: 45/50 MP: 5/5
  3402 | D:3      | Found a glowing drain.
  3448 | Sewer    | Entered a sewer
  4009 | Sewer    | Reached XP level 6. HP: 49/57 MP: 6/6
  4255 | Sewer    | Reached skill level 5 in Stealth
  4465 | Sewer    | Reached skill level 1 in Dodging
  4465 | Sewer    | Reached skill level 1 in Evocations
  4996 | Sewer    | Reached XP level 7. HP: 22/66 MP: 6/8
  6230 | D:3      | Killed Grinder
  6230 | D:3      | Reached skill level 5 in Axes
  6230 | D:3      | Reached skill level 6 in Stealth
  6246 | D:3      | Found an opulent altar of Gozag.
  6261 | D:3      | Became a worshipper of Gozag Ym Sagoz the Greedy
  7125 | D:4      | Reached skill level 5 in Fighting
  7257 | D:5      | Entered Level 5 of the Dungeon
  7268 | D:5      | Found Puheyff's Magic Scroll Shoppe.
  7296 | D:5      | Bought a scroll of fear for 38 gold pieces
  7296 | D:5      | Bought a scroll of teleportation for 33 gold pieces
  7370 | D:5      | Found a staircase to the Ecumenical Temple.
  7540 | D:5      | Reached XP level 8. HP: 70/74 MP: 9/9
  8099 | D:5      | Found a stormy altar of Qazlal.
  8421 | D:5      | Reached skill level 7 in Stealth
  9743 | D:6      | Found a runed translucent gate.
  9743 | D:6      | Found a runed translucent gate.
  9743 | D:6      | Found a runed translucent gate.
  9745 | D:6      | Got an encrusted mace
 10194 | D:6      | Noticed a two-headed ogre
 11028 | D:6      | Killed a two-headed ogre
 11028 | D:6      | Reached skill level 8 in Stealth
 11028 | D:6      | Reached XP level 9. HP: 84/84 MP: 12/12
 11118 | D:6      | Noticed ZZKoverts's ghost (novice DDBe)
 11131 | D:6      | Noticed Farlane's ghost (novice DEAs)
 11566 | D:6      | Reached skill level 9 in Stealth
 11994 | D:7      | Noticed Joseph
 12081 | D:7      | Noticed Harold
 12206 | D:8      | Noticed Grum
 12779 | D:7      | Reached skill level 5 in Evocations
 13695 | D:5      | Bought a scroll of teleportation for 33 gold pieces
 13695 | D:5      | Bought a scroll of teleportation for 33 gold pieces
 14115 | D:8      | Noticed Pikel
 14310 | D:8      | Noticed a two-headed ogre
 14439 | D:9      | Noticed a queen bee
 14452 | D:8      | HP: 4/85 [bullfrog skeleton (6)]
 14452 | D:8      | Slain by a queen bee

Illustrated notes

Levels and vault maps discovered:
D:1:      dpeg_arrival_boxes_within_box, layout_basic
D:2:      layout_basic, minmay_split_cup_small, uniq_robin
D:3:      layout_basic, grunt_gozag_breadcrumbs, gup_sewer_entry_glass,
          uniq_grinder
D:4:      layout_basic
D:5:      layout_layer_cave, minmay_temple_entry_mini_moons, serial_shops,
          shop_coins, basic_altar, first_ration, lexackson_kobold_supper
D:6:      layout_gridville, gammafunk_ghost_cemetery, minivault_19
D:7:      layout_basic, uniq_harold, uniq_joseph, uniq_maggie
D:8:      cheibrodos_two_vegetables, layout_loops_corners, eino_jars, uniq_grum,
          uniq_pikel
D:9:      layout_basic, david_nohive_1

Skill      XL: |  1  2  3  4  5  6  7  8  9 |
---------------+----------------------------+-----
Stealth        | 3 4 5 6 8 9 |  9.5
Axes           | 2 3 4 5 6 |  6.9
Dodging        | 1 2 3 4 |  4.3
Evocations     | 1 2 4 5 |  5.1
Fighting       | 5 6 |  6.8
Throwing       | |  1.0
Armour         | |  0.1
Unarmed Combat | |  1.0
Conjurations   | |  2.0
Necromancy     | |  1.0

Action                   |  1- 3 |  4- 6 |  7- 9 || total
-------------------------+-------+-------+-------++-------
Melee: Dagger            |    64 |    91 |       ||   155
       Hand axe          |       |   212 |   633 ||   845
       Punch             |       |     1 |     2 ||     3
Throw: Dart              |       |       |    13 ||    13
 Abil: Spit Poison       |    18 |    10 |    23 ||    51
Evoke: Wand              |       |       |    11 ||    11
  Use: Scroll            |       |     7 |    17 ||    24
       Potion            |       |       |     3 ||     3
 Stab: Sleeping          |     4 |     6 |    15 ||    25
       Paralysed         |       |       |     5 ||     5
       Distracted        |       |       |     3 ||     3
  Eat: Chunk             |     1 |    10 |     3 ||    14
       Ration            |       |       |     7 ||     7
Armor: Robe              |    19 |    29 |   180 ||   228
       Ring mail         |       |   131 |    31 ||   162
       Skin              |       |       |     9 ||     9
Dodge: Dodged            |    39 |   186 |   370 ||   595
